 Dungeon Crawl Stone Soup version 0.28-a0-172-g787e458d71 (webtiles) character file.

Game seed: 12968183404574216003

737 frimble the Skirmisher (level 7, -3/90 HPs)
             Began as a Minotaur Warper on Aug 17, 2021.
             Slain by an ogre (7 damage)
             ... on level 6 of the Dungeon.
             The game lasted 00:05:18 (5661 turns).

frimble the Skirmisher (Minotaur Warper)            Turns: 5661, Time: 00:05:18

Health: -3/90      AC: 23    Str: 15 (16) XL:     7   Next: 46%
Magic:  3/9        EV:  2    Int:  9 (11) God:
Gold:   143        SH:  0    Dex:  7 (10) Spells: 8/10 levels left

rFire   . . .      SeeInvis .   f - +2 dagger (venom)
rCold   . . .      Faith    .   (no shield)
rNeg    + + +      Spirit   .   (armour currently unavailable)
rPois   +          Reflect  .   (helmet currently unavailable)
rElec   .          Harm     .   (cloak currently unavailable)
rCorr   .          Rampage  .   (gloves currently unavailable)
Will    .....      NoTele   +   (boots currently unavailable)
Stlth   +.........              (no amulet)
HPRegen 0.25/turn               (no ring)
MPRegen 0.11/turn               (no ring)

@: tree-form, weak-willed
A: stationary, stasis, torment immunity, boosted hp, (horns 2), (retaliatory
headbutt)
a: no special abilities


You were on level 6 of the Dungeon.
You were a tree.
You visited 1 branch of the dungeon, and saw 6 of its levels.

You collected 143 gold pieces.

Inventory:

Hand Weapons
 f - a +2 dagger of venom (weapon)
Missiles
 d - 5 boomerangs of dispersal (quivered)
 g - 27 poisoned darts
Armour
 b - a +0 leather armour (melded)
 h - a +0 pair of boots (melded)
 m - a +0 cloak of willpower (melded)
Jewellery
 e - a +6 ring of dexterity
 k - a ring of see invisible
Wands
 j - a wand of flame (16)
Scrolls
 c - 2 scrolls of blinking
 n - 2 scrolls of identify
Potions
 a - a potion of attraction
 o - a potion of lignification
 p - a potion of brilliance {unknown}
 q - a potion of ambrosia {unknown}


   Skills:
 + Level 4.8 Fighting
 + Level 4.4 Short Blades
 + Level 3.5 Throwing
 - Level 1.5 Armour
 + Level 4.3 Dodging
 - Level 2.0 Spellcasting
 + Level 3.4 Translocations


You had 8 spell levels left.
You knew the following spells:

 Your Spells              Type           Power      Damage    Failure   Level
a - Blink                 Tloc           N/A        N/A       12%         2

Your spell library contained the following spells:

 Spells                   Type           Power      Damage    Failure   Level
 Gell's Gravitas          Tloc           3%         N/A       24%         3
 Lesser Beckoning         Tloc           3%         N/A       24%         3
 Teleport Other           Tloc           7%         N/A       24%         3
 Manifold Assault         Tloc           7%         N/A       92%         5


Dungeon Overview and Level Annotations

Branches:
Dungeon (6/15)
 Temple: D:4-7

Altars:

Shops:
D:2 [


Innate Abilities, Weirdness & Mutations

You are a tree.
Your roots penetrate the ground, keeping you stationary.
You cannot be teleported.
You are immune to unholy pain and torment.
Your maximum health is greatly increased.
Your equipment is partially melded.
((You have a pair of horns on your head.))
((You reflexively headbutt those who attack you in melee.))


Message History

The ufetubus hits you but does no damage. x2
The ogre hits you with a +0 giant club.
The orc priest hits you with a +2 dagger of freezing.
* * * LOW HITPOINT WARNING * * *
The orc priest freezes you.
* * * LOW HITPOINT WARNING * * *
The orc priest hits you but does no damage.
Something hits you but does no damage.
You hit the ogre.
The ogre is poisoned.
The ogre is lightly wounded.
The ufetubus hits you but does no damage.
The ufetubus hits you.
* * * LOW HITPOINT WARNING * * *
The iguana bites you.
* * * LOW HITPOINT WARNING * * *
The orc priest hits you but does no damage.
The ufetubus hits you but does no damage. x2
The orc priest hits you but does no damage.
The orc completely misses you.
You hit the orc priest.
The orc priest is poisoned.
The orc priest is lightly wounded.
The ogre hits you with a +0 giant club!
* * * LOW HITPOINT WARNING * * *
An adder comes into view.
Something hits you but does no damage.
The iguana bites you but does no damage.
The ufetubus hits you.
* * * LOW HITPOINT WARNING * * *
The ufetubus hits you but does no damage.
You completely miss the orc priest.
The orc priest is lightly wounded.
The adder hisses angrily.
The orc priest hits you but does no damage.
The orc hits you but does no damage.
The orc priest hits you but does no damage.
The ufetubus hits you but does no damage. x2
Something hits you but does no damage. The iguana bites you.
* * * LOW HITPOINT WARNING * * *
The ogre hits you with a +0 giant club!
You die...

###....... ..
##........# ...
....<.....##S..#
.........#...
..##...........
...........#
.......<..#
.......oOo#
.......5♣.#
.....?.ol##
##.......#
##......#
#...##.. .....
... ...## ..#
..# ..#


You could see an ogre (very poisoned, weak-willed), an iguana, 2 orc priests, an
adder, an orc (weak-willed) and an ufetubus.

Vanquished Creatures
  An ogre (D:5)
  2 scorpions
  A bullfrog zombie (D:5)
  A jelly (D:5)
  An orc priest (D:3)
  Crazy Yiuf (D:3)
  A hound (D:3)
  An iguana (D:4)
  Terence (D:3)
  Natasha (thrice) (D:2)
  2 orc wizards (D:4)
  2 killer bee zombies (D:5)
  A hound skeleton (D:3)
  A howler monkey zombie (D:5)
  3 adders
  A white imp (D:5)
  2 adder skeletons
  3 worms (D:2)
  5 dart slugs
  7 orcs
  6 bats
  2 endoplasms
  6 giant cockroaches
  11 goblins
  5 hobgoblins
  2 jackals (D:2)
  3 kobolds
  5 quokkas
  10 ball pythons
  5 frilled lizards
  7 rats
102 creatures vanquished.

Vanquished Creatures (others)
  A fungus (D:2)
  A withered plant (D:5)
2 creatures vanquished.

Grand Total: 104 creatures vanquished

Notes
Turn   | Place    | Note
-------+----------+-------------------------------------------
     0 | D:1      | frimble the Minotaur Warper began the quest for the Orb.
     0 | D:1      | Reached XP level 1. HP: 18/18 MP: 1/1
   249 | D:1      | Reached XP level 2. HP: 19/25 MP: 1/3
   802 | D:1      | Reached XP level 3. HP: 29/30 MP: 4/4
  1326 | D:2      | Noticed Natasha
  1334 | D:2      | Killed Natasha
  1335 | D:2      | Reached XP level 4. HP: 32/38 MP: 5/5
  1697 | D:2      | Found Zuehum Zung's Armour Shoppe.
  1934 | D:2      | Noticed Natasha
  1946 | D:2      | Killed Natasha
  2175 | D:2      | Reached XP level 5. HP: 45/45 MP: 7/7
  2188 | D:2      | Noticed Natasha
  2195 | D:2      | Killed Natasha
  2690 | D:2      | Found a faded altar of an unknown god.
  3339 | D:3      | Found a runed translucent door.
  3340 | D:3      | Noticed Crazy Yiuf
  3472 | D:3      | Noticed Terence
  3493 | D:3      | Killed Terence
  3494 | D:3      | Reached XP level 6. HP: 26/52 MP: 8/8
  3869 | D:3      | Killed Crazy Yiuf
  5212 | D:5      | Entered Level 5 of the Dungeon
  5514 | D:5      | Reached XP level 7. HP: 53/60 MP: 9/9
  5517 | D:5      | Learned a level 2 spell: Blink
  5629 | D:5      | HP: 3/60 [scorpion zombie (1)]
  5661 | D:6      | HP: 4/90 [iguana (2)]
  5661 | D:6      | Slain by an ogre

Illustrated notes

Levels and vault maps discovered:
D:1:      dpeg_arrival_simpleton_a, layout_basic, minmay_hexomino_f4
D:2:      layout_basic, serial_shops, nicolae_shop_waterfront,
          shapermc_ecumenical_altar_petra, minmay_quantized, uniq_natasha
D:3:      layout_loops_ring, minmay_vboxes, uniq_crazy_yiuf_cottage,
          uniq_terence
D:4:      layout_basic, dk_noncrumbling_2
D:5:      layout_basic, mainiacjoe_overflow_brackets, serial_undead,
          serial_undead_e, serial_undead_f, serial_undead_b, serial_undead_a
D:6:      layout_cave_pools, minmay_temple_entry_junction,
          nicolae_ossuary_entry_catacombs

Skill      XL: |  1  2  3  4  5  6 |
---------------+-------------------+-----
Fighting       | 3 4 |  4.8
Short Blades   | 3 4 |  4.4
Throwing       | 2 3 |  3.5
Spellcasting   | 2 |  2.0
Dodging        | 3 4 |  4.3
Translocations | 3 |  3.4
Armour         | |  1.5

Action                   |  1- 3 |  4- 6 |  7- 9 || total
-------------------------+-------+-------+-------++-------
Melee: Short sword       |    14 |       |       ||    14
       Headbutt          |    16 |    35 |     6 ||    57
       Dagger            |    70 |   186 |    34 ||   290
 Cast: Blink             |       |       |     3 ||     3
Evoke: Wand              |       |       |     3 ||     3
  Use: Scroll            |       |     8 |     1 ||     9
       Potion            |       |       |     5 ||     5
Armor: Leather armour    |    30 |    44 |    17 ||    91
       Skin              |       |       |    32 ||    32
Dodge: Dodged            |    42 |    96 |    31 ||   169

Table legend: (Time is in decaauts)
 A = Elapsed time spent in this place.
 B = Non-inter-level travel time spent in this place.
 C = Inter-level travel time spent in this place.
 D = Time resting spent in this place.
 E = Time spent auto-exploring this place.
 F = Levels seen in this place.
 G = Mean time per level.
                   A        B        C        D        E       F      G
               +--------+--------+--------+--------+--------+-----+--------+
         Total |   5621 |   5469 |    152 |      0 |   4859 |   6 |  936.8 |
       Dungeon |   5621 |   5469 |    152 |      0 |   4859 |   6 |  936.8 |
               +--------+--------+--------+--------+--------+-----+--------+

Top non-repeatable levels by time:
     D:2: 1746 daAuts
     D:4: 1419 daAuts
     D:3: 1224 daAuts
     D:1: 976 daAuts
     D:5: 241 daAuts
     D:6: 12 daAuts
